 Dungeon Crawl Stone Soup version 0.21.1-1-g345015f (webtiles) character file.

2496 xccam the Cleaver (level 9, -11/105 HPs)
             Began as a Minotaur Berserker on Feb 10, 2018.
             Was an Elder of Trog.
             Mangled by a two-headed ogre
             ... wielding a +0 giant club
              (16 damage)
             ... on level 6 of the Dungeon.
             The game lasted 00:17:30 (4487 turns).

xccam the Cleaver (Minotaur Berserker)              Turns: 4487, Time: 00:17:31

Health: -11/105    AC: 11    Str: 28    XL:     9   Next: 28%
Magic:  17/17      EV: 12    Int:  4    God:    Trog [****..]
Gold:   353        SH:  3    Dex: 12    Spells: 8/8 levels left

rFire    . . .     SeeInvis .   m - +2 hand axe (chop)
rCold    . . .     Gourm    .   (no shield)
rNeg     . . .     Faith    .   k - +3 scale mail
rPois    +         Spirit   .   (helmet restricted)
rElec    .         Reflect  +   (no cloak)
rCorr    .         Harm     .   (no gloves)
MR       .....                  (no boots)
Stlth    ..........             i - amulet "Tyciom" {Reflect rPois SH+3}
HPRegen  0.27/turn              h - ring of magical power
MPRegen  0.15/turn              (no ring)

@: berserking, very quick
A: retaliatory headbutt, horns 2
a: Berserk, Trog's Hand, Brothers in Arms, Burn Spellbooks, Renounce Religion


You were on level 6 of the Dungeon.
You worshipped Trog.
Trog was greatly pleased with you.
You were very hungry.

You visited 1 branch of the dungeon, and saw 6 of its levels.
You also visited: Sewer.

You collected 353 gold pieces.

Inventory:

Hand Weapons
 m - a +2 hand axe of chopping (weapon)
Armour
 k - a +3 scale mail (worn)
Jewellery
 h - a ring of magical power (left hand)
 i - the amulet "Tyciom" (around neck) {Reflect rPois SH+3}
   (You found it on level 5 of the Dungeon)

   [amulet of reflection]

   It shields you and reflects attacks.
   It protects you from poison.
   It affects your SH (+3).
 n - an uncursed amulet of guardian spirit
Wands
 g - a wand of enslavement (23)
 j - a wand of disintegration (3)
 p - a wand of acid (16)
 q - a wand of iceblast (20)
Scrolls
 b - 4 scrolls of identify
 d - a scroll of remove curse
 e - 2 scrolls of enchant armour
 f - 8 scrolls of teleportation
Potions
 a - a potion of heal wounds
 l - a potion of flight
 o - a potion of curing
Comestibles
 c - 8 rations


   Skills:
 - Level 3.6 Fighting
 + Level 10.9 Axes
 * Level 10.0 Armour
 + Level 4.5 Dodging
 + Level 1.1 Stealth


You had 8 spell levels left.
You didn't know any spells.

Dungeon Overview and Level Annotations

Branches:
Dungeon (6/15)             Temple (0/1) D:6

Altars:
Elyvilon
Fedhas
Makhleb
Qazlal
Ru
Wu Jian
The Shining One


Innate Abilities, Weirdness & Mutations

You reflexively headbutt those who attack you in melee.
You have a pair of horns on your head.


Message History

The two-headed ogre hits you with a giant club!
The two-headed ogre hits you with a giant spiked club!!
* * * LOW HITPOINT WARNING * * *
You are too injured to fight recklessly!
A red film seems to cover your vision as you go berserk!
You feel yourself moving faster!
You feel mighty!
You are feeling hungry.
The two-headed ogre hits you with a giant club.
* * * LOW HITPOINT WARNING * * *
The two-headed ogre hits you with a giant spiked club!!
* * * LOW HITPOINT WARNING * * *
You are feeling very hungry.
You slash the two-headed ogre!
The two-headed ogre is moderately wounded.
You slash the two-headed ogre!
The two-headed ogre is heavily wounded.
The two-headed ogre hits you with a giant club.
* * * LOW HITPOINT WARNING * * *
The two-headed ogre hits you with a giant spiked club!
You die...

. #..>...# #..##...#.# #
#.........# .#
#.####...## #####.##
##.....## #........####
##.......## #............
#.........###..# #.#.#.#.
+.......O.'....# #.......
#....[..@.###..###.#.....
##.......## #..##........
##.....## #..##..#...>.
##...## ##...........
##+## ###...#.....
#.#....... #.#.#.#.#.
#......... #....#####


You could see a two-headed ogre.

Vanquished Creatures
  Pikel (D:4)
  The ghost of appiemonkey the Insei, a novice OpTm (D:6)
  Menkaure (D:4)
  An ice beast (D:6)
  A sky beast (D:6)
  The ghost of appiemonkey the Chopper, an amateur MiGl (D:3)
  2 centaurs (D:5)
  An ogre (D:5)
  A crocodile (Sewer)
  A bullfrog (D:6)
  A scorpion (D:5)
  3 crimson imps
  A bullfrog skeleton (D:4)
  3 orc priests
  5 hounds
  Ijyb (D:3)
  6 orc wizards
  Natasha (thrice) (D:3)
  A worker ant (D:4)
  A gnoll (D:1)
  8 adders
  2 oozes
  3 worms
  4 dart slugs
  24 orcs
  7 giant cockroaches
  7 goblins
  9 hobgoblins
  8 jackals
  2 quokkas (D:3)
  A ball python (D:5)
  A ball python skeleton (D:4)
  13 bats
  8 frilled lizards
  6 kobolds
  5 rats
144 creatures vanquished.

Notes
Turn   | Place    | Note
-------+----------+-------------------------------------------
     0 | D:1      | xccam the Minotaur Berserker began the quest for the Orb.
     0 | D:1      | Reached XP level 1. HP: 19/19 MP: 0/0
    47 | D:1      | Reached XP level 2. HP: 16/26 MP: 1/1
   354 | D:1      | Reached XP level 3. HP: 31/31 MP: 2/2
   759 | D:1      | Reached skill level 5 in Axes
   941 | D:2      | Reached ** piety under Trog
   993 | D:2      | Reached XP level 4. HP: 39/39 MP: 3/3
  1396 | D:2      | Found a stormy altar of Qazlal.
  1482 | D:2      | Found a blossoming altar of Fedhas.
  1806 | D:3      | Noticed Natasha
  1816 | D:3      | Reached XP level 5. HP: 35/45 MP: 4/4
  1817 | D:3      | Killed Natasha
  1893 | D:3      | Noticed appiemonkey's ghost (amateur MiGl)
  1901 | D:3      | Killed appiemonkey's ghost
  1930 | D:3      | Reached XP level 6. HP: 20/51 MP: 5/5
  1931 | D:3      | Found a glowing drain.
  1940 | Sewer    | Entered a sewer
  1948 | Sewer    | Reached *** piety under Trog
  2455 | D:3      | Noticed Ijyb
  2470 | D:3      | Killed Ijyb
  2591 | D:3      | Reached skill level 5 in Armour
  2694 | D:3      | Noticed Natasha
  2698 | D:3      | Killed Natasha
  2774 | D:3      | Noticed Natasha
  2782 | D:3      | Killed Natasha
  2975 | D:4      | Reached XP level 7. HP: 57/57 MP: 6/6
  3078 | D:4      | Noticed Menkaure
  3085 | D:4      | Killed Menkaure
  3276 | D:4      | Found a white marble altar of Elyvilon.
  3322 | D:4      | Found a glowing golden altar of the Shining One.
  3356 | D:4      | Noticed Pikel
  3369 | D:4      | Killed Pikel
  3369 | D:4      | Reached XP level 8. HP: 30/64 MP: 3/7
  3406 | D:4      | Reached **** piety under Trog
  3727 | D:5      | Entered Level 5 of the Dungeon
  3767 | D:5      | Got a slimy ruby amulet
  3769 | D:5      | Identified the amulet "Tyciom" {Reflect rPois SH+3} (You found it on level 5 of the Dungeon)
  3862 | D:5      | Found a burning altar of Makhleb.
  3975 | D:5      | Reached skill level 1 in Stealth
  3990 | D:5      | Reached skill level 10 in Axes
  4224 | D:6      | Found a sacrificial altar of Ru.
  4275 | D:6      | Noticed appiemonkey's ghost (novice OpTm)
  4295 | D:6      | Killed appiemonkey's ghost
  4295 | D:6      | Reached XP level 9. HP: 70/70 MP: 8/8
  4308 | D:6      | Found an ornate altar of the Wu Jian Council.
  4438 | D:6      | Reached skill level 10 in Armour
  4446 | D:6      | Found a staircase to the Ecumenical Temple.
  4475 | D:6      | Noticed a two-headed ogre
  4487 | D:6      | HP: 5/105 [two-headed ogre/giant club (6)]
  4487 | D:6      | Mangled by a two-headed ogre

Skill      XL: |  1  2  3  4  5  6  7  8  9 |
---------------+----------------------------+-----
Axes           | 4 5 6 7 8 10 | 10.9
Dodging        | 3 4 |  4.5
Armour         | 4 5 7 9 10 | 10.0
Stealth        | 1 |  1.1
Fighting       | |  3.6

Action                   |  1- 3 |  4- 6 |  7- 9 || total
-------------------------+-------+-------+-------++-------
Melee: Hand axe          |    68 |   111 |   161 ||   340
       Headbutt          |    12 |    18 |    36 ||    66
Invok: Berserk           |       |     2 |     3 ||     5
       Burn Spellbooks   |       |     1 |       ||     1
  Use: Scroll            |     3 |     2 |     1 ||     6
       Potion            |     1 |     4 |     2 ||     7
  Eat: Chunk             |       |     8 |     7 ||    15
Armor: Animal skin       |     1 |       |       ||     1
       Ring mail         |    22 |     2 |       ||    24
       Scale mail        |       |    49 |    56 ||   105
Dodge: Dodged            |    38 |    83 |    70 ||   191
Block: Other             |       |       |     7 ||     7
